[Event "Titled Tuesday Blitz March 22 Late 2022"]
[White "Yordanov, Nikolay Plamenov"]
[Black "Melkumyan, Hrant"]
[WhiteFideId "2907445"]
[BlackFideId "13302485"]
[WhiteElo "2248"]
[BlackElo "2604"]
[Result "0-1"]
[Round "04"]
[TimeControl "180+1"]
[Date "2022.03.22"]
[WhiteClock "0:00:10"]
[BlackClock "0:00:45"]

1. d4 Nf6 2. Bf4 g6 3. e3 Bg7 4. h3 O-O 5. Nf3 d6 6. Be2 Nc6 7. O-O Nd7 8. d5 Nce5 9. Nxe5 Nxe5 10. Qd2 c6 11. c4 Bf5 12. Nc3 Qa5 13. e4 Bd7 14. Bh6 Bxh6 15. Qxh6 Qb4 16. Rfc1 Qxb2 17. Rab1 Qa3 18. Rxb7 Rfb8 19. dxc6 Bxc6 20. Rxe7 Rb2 21. Bf1 Qc5 22. Qf4 Rab8 23. Nd5 Bxd5 24. cxd5 Rxf2 25. Qxf2 Qxc1 26. Rxa7 Rb2 27. Ra8+ Kg7 28. Qh4 Qe3+ 29. Kh1 Rb1 0-1


[Site "https://www.chess.com"]

[Event "Titled Tuesday Blitz March 22 Late 2022"]
[White "Yuan, Qingyu"]
[Black "Milanovic, Marko"]
[WhiteFideId "8609772"]
[BlackFideId "980129"]
[WhiteElo "2359"]
[BlackElo "2159"]
[Result "1-0"]
[Round "04"]
[TimeControl "180+1"]
[Date "2022.03.22"]
[WhiteClock "0:00:08"]
[BlackClock "0:00:07"]

1. e4 e5 2. Nf3 Nc6 3. Bb5 a6 4. Ba4 Nf6 5. O-O Be7 6. Re1 b5 7. Bb3 d6 8. c3 O-O 9. h3 Nb8 10. d4 Nbd7 11. a4 Bb7 12. Nbd2 c5 13. Bc2 Re8 14. Nf1 Bf8 15. Ng3 g6 16. b3 Qc7 17. d5 c4 18. b4 Bg7 19. Be3 Reb8 20. Qd2 Bc8 21. Ra2 h5 22. Rea1 Qb7 23. Ng5 Ne8 24. Qe2 Ndf6 25. Nf1 Nc7 26. Kh2 Bd7 27. Nd2 Nh7 28. Nxh7 Kxh7 29. g4 hxg4 30. hxg4 Rh8 31. Kg2 Kg8 32. Qf3 Qc8 33. Bd1 Ne8 34. Qg3 Bf6 35. Nf3 Bxg4 36. axb5 Rh3 37. Rxa6 Rxg3+ 38. fxg3 Rxa6 39. bxa6 Nc7 40. a7 Na8 41. Ba4 Bd8 42. Bc6 f5 43. b5 fxe4 44. Nd2 Bd7 45. Nxe4 Be7 46. Ra6 Bf5 47. Nf2 Bd8 48. Ra4 Kf7 49. b6 Bxb6 50. Bxb6 Nxb6 51. Rb4 Na8 52. Rb8 Qa6 53. Rxa8 e4 54. Rf8+ Kxf8 55. a8=Q+ Qxa8 56. Bxa8 e3 57. Nh1 Be4+ 58. Kf1 Bxh1 59. Ke2 Ke7 60. Kxe3 Bg2 61. Kd4 Bf1 62. Bc6 Kf6 63. Bd7 g5 64. Bb5 Kf5 65. Bd7+ Kf6 66. Bg4 Bd3 67. Ke3 Bf1 68. Ke4 Bd3+ 69. Kd4 Bf1 70. Bd7 Bd3 71. g4 Be2 72. Ke3 Bd3 73. Be6 Bf1 74. Kd4 Bd3 75. Bd7 Be2 76. Bf5 Bf1 77. Ke3 Bd3 78. Bxd3 cxd3 79. Kxd3 Ke5 80. c4 Kf4 81. c5 Kxg4 82. c6 Kh3 83. c7 g4 84. c8=Q Kh2 85. Ke2 g3 86. Qh8+ Kg1 87. Kf3 g2 88. Qg7 1-0


[Site "https://www.chess.com"]

[Event "Titled Tuesday Blitz March 22 Late 2022"]
[White "Zanette, Edgard Vinicius"]
[Black "Piliczewski, Bogusz"]
[WhiteFideId "2109263"]
[BlackFideId "1104144"]
[WhiteElo "2182"]
[BlackElo "1896"]
[Result "1-0"]
[Round "04"]
[TimeControl "180+1"]
[Date "2022.03.22"]
[WhiteClock "0:00:09"]
[BlackClock "0:00:01"]

1. e4 d5 2. exd5 Qxd5 3. Nc3 Qd8 4. d4 Nf6 5. Bf4 Bf5 6. Nf3 e6 7. a3 Bd6 8. Bg5 h6 9. Bh4 Nbd7 10. Be2 O-O 11. O-O c6 12. Re1 Qc7 13. Bg3 Bxg3 14. hxg3 Rad8 15. Bc4 Rfe8 16. Qe2 a6 17. Rad1 b5 18. Ba2 c5 19. dxc5 Nxc5 20. Nd4 Bg6 21. Rd2 Rd7 22. Nf3 Rxd2 23. Qxd2 Rd8 24. Qe2 Nce4 25. Nxe4 Nxe4 26. c3 Qd6 27. Bb1 Nd2 28. Bxg6 Nxf3+ 29. gxf3 fxg6 30. Qxe6+ Qxe6 31. Rxe6 Rd2 32. Rxg6 Rxb2 33. Rxa6 Rb3 34. Rb6 Rxc3 35. Rxb5 Rxa3 36. Kg2 Kf7 37. f4 Kf6 38. g4 Ra6 39. f3 g6 40. f5 gxf5 41. Rxf5+ Kg6 42. Kg3 Ra4 43. Rf4 Ra3 44. Rb4 Ra6 45. Kh4 Rf6 46. f4 Rc6 47. f5+ Kf6 48. Kh5 Rc1 49. Rb6+ Kg7 50. Rg6+ Kf7 51. Kxh6 Rh1+ 52. Kg5 Rg1 53. Ra6 Rb1 54. Ra7+ Kf8 55. Kg6 Rb4 56. g5 Re4 57. Ra8+ Re8 58. Rxe8+ Kxe8 59. Kg7 Ke7 60. f6+ Ke6 61. f7 Kf5 62. f8=Q+ Kxg5 63. Qf1 Kg4 64. Kf7 Kg3 65. Kf6 Kg4 66. Ke5 Kg3 67. Qf4+ 1-0


[Site "https://www.chess.com"]

[Event "Titled Tuesday Blitz March 22 Late 2022"]
[White "Zhigalko, Sergei"]
[Black "Sarana, Alexey"]
[WhiteFideId "13502956"]
[BlackFideId "24133795"]
[WhiteElo "2662"]
[BlackElo "2666"]
[Result "0-1"]
[Round "04"]
[TimeControl "180+1"]
[Date "2022.03.22"]
[WhiteClock "0:00:04"]
[BlackClock "0:00:21"]

1. e4 c5 2. Nf3 d6 3. d4 Nf6 4. Nc3 cxd4 5. Qxd4 Nc6 6. Bb5 Bd7 7. Bxc6 Bxc6 8. Bg5 e6 9. O-O-O Be7 10. Rhe1 O-O 11. Kb1 Qa5 12. Qd2 Rfd8 13. Nd4 h6 14. Nd5 Qxd2 15. Nxe7+ Kf8 16. Ng6+ fxg6 17. Bxd2 Kf7 18. f3 e5 19. Ne2 d5 20. exd5 Nxd5 21. Nc1 Nf4 22. Bxf4 exf4 23. Nd3 g5 24. Ne5+ Kf6 25. Nxc6 bxc6 26. Kc1 h5 27. Re4 Rxd1+ 28. Kxd1 Rd8+ 29. Ke2 Rd5 30. Rc4 c5 31. Ra4 Rd7 32. Ra6+ Ke5 33. Rg6 Kf5 34. Rc6 Rd5 35. Rc7 Re5+ 36. Kf2 Rd5 37. Ke2 Re5+ 38. Kd2 a5 39. Rxg7 g4 40. Rf7+ Kg5 41. g3 Rd5+ 42. Ke2 gxf3+ 43. Kxf3 fxg3 44. hxg3 Rd2 45. Rb7 Rxc2 46. Rb5 a4 47. b4 Rc3+ 48. Kf2 Rc2+ 49. Kf3 Rc3+ 50. Kf2 Kg4 51. Rxc5 Rf3+ 52. Ke2 Ra3 53. Rc2 Rxg3 54. Rc4+ Kh3 55. b5 Rg2+ 56. Kd3 Rxa2 57. Rb4 a3 58. b6 Rg2 59. b7 a2 60. Ra4 Rb2 61. Rxa2 Rxb7 62. Ke4 Rb3 63. Kf4 h4 64. Rd2 Ra3 65. Re2 Rd3 66. Rc2 Rb3 67. Ra2 Rg3 68. Rc2 Rg1 69. Kf3 Rf1+ 70. Ke4 Kg3 71. Rc3+ Kg2 72. Rc2+ Rf2 73. Rc8 h3 74. Rg8+ Kf1 75. Ke3 h2 76. Rh8 Kg1 77. Rg8+ Rg2 78. Rb8 h1=Q 79. Rb1+ Kh2 0-1


[Site "https://www.chess.com"]

[Event "Titled Tuesday Blitz March 22 Late 2022"]
[White "Zhukov, Maksim"]
[Black "Villegas, Pierre"]
[WhiteFideId "34181790"]
[BlackFideId "654183"]
[WhiteElo "1978"]
[BlackElo "2395"]
[Result "1/2-1/2"]
[Round "04"]
[TimeControl "180+1"]
[Date "2022.03.22"]
[WhiteClock "0:00:28"]
[BlackClock "0:00:06"]

1. d4 Nf6 2. Nf3 d5 3. c4 e6 4. g3 dxc4 5. Bg2 Bd7 6. Qc2 Bc6 7. Qxc4 Be7 8. O-O O-O 9. Nc3 Nbd7 10. Rd1 Qc8 11. b3 Rd8 12. Bb2 Ne4 13. Rac1 Nxc3 14. Qxc3 Nf6 15. Ne5 Bxg2 16. Kxg2 c6 17. f3 Nd5 18. Qd2 Bb4 19. Qd3 Bd6 20. Nc4 Qc7 21. e4 Nb4 22. Qb1 Bf8 23. a3 Na6 24. b4 Qe7 25. Na5 g6 26. Nb3 Bg7 27. Nc5 Nxc5 28. dxc5 Rxd1 29. Rxd1 Rd8 30. Bxg7 Kxg7 31. Qb2+ f6 32. Rd4 e5 33. Rd2 Rxd2+ 34. Qxd2 Qe6 35. Qd8 Qa2+ 36. Kh3 Qe6+ 37. Kg2 Qa2+ 38. Kh3 Qe6+ 39. Kg2 1/2-1/2


[Site "https://www.chess.com"]

[Event "Titled Tuesday Blitz March 22 Late 2022"]
[White "Zhurbinsky, David"]
[Black "Elissalt Cardenas, Hector"]
[WhiteFideId "2072904"]
[BlackFideId "3500632"]
[WhiteElo "2569"]
[BlackElo "2159"]
[Result "1/2-1/2"]
[Round "04"]
[TimeControl "180+1"]
[Date "2022.03.22"]
[WhiteClock "0:00:11"]
[BlackClock "0:00:19"]

1. e4 d6 2. d4 Nf6 3. Nc3 e5 4. dxe5 dxe5 5. Qxd8+ Kxd8 6. Nf3 Bd6 7. h3 Be6 8. Be3 Ke7 9. O-O-O Nbd7 10. Ng5 Bc5 11. Bxc5+ Nxc5 12. Nxe6 Nxe6 13. Bc4 a6 14. g3 Rhd8 15. Nd5+ Nxd5 16. Bxd5 c6 17. Bc4 Nc5 18. f3 a5 19. a3 a4 20. Rhe1 b5 21. Bf1 f6 22. Bg2 Rxd1+ 23. Rxd1 Rd8 24. Rxd8 Kxd8 25. Kd2 Kc7 26. Kc3 Kb6 27. f4 Nb7 28. Kd2 Nd6 29. b3 Kc5 30. Kc3 h6 31. h4 g5 32. hxg5 hxg5 33. f5 axb3 34. cxb3 Kb6 35. Bf3 c5 36. Bg2 Ka5 37. Bf3 b4+ 38. axb4+ cxb4+ 39. Kd3 Kb5 40. Be2 Kc5 41. Ke3 Nb7 42. Bc4 Nd6 43. Bd5 Nb5 44. Kf3 Kd4 45. Kg4 Nc3 46. Kh5 Nxe4 47. Kg6 Nxg3 48. Be6 e4 49. Kxf6 e3 50. Kxg5 Nxf5 51. Bc4 Ng3 52. Kf4 e2 53. Bxe2 Nxe2+ 54. Kf3 Nc1 55. Kf2 Nxb3 56. Ke2 Kc3 57. Kd1 Kb2 58. Ke2 Nc5 59. Kd2 b3 60. Ke3 Na4 61. Kd4 Nc3 62. Kc4 Kc2 63. Kb4 b2 64. Ka3 b1=Q 1/2-1/2


[Site "https://www.chess.com"]

[Event "Titled Tuesday Blitz March 22 Late 2022"]
[White "Adewumi, Tanitoluwa"]
[Black "Pichot, Alan"]
[WhiteFideId "30966396"]
[BlackFideId "110973"]
[WhiteElo "2539"]
[BlackElo "2579"]
[Result "0-1"]
[Round "05"]
[TimeControl "180+1"]
[Date "2022.03.22"]
[WhiteClock "0:00:02"]
[BlackClock "0:01:22"]

1. e4 g6 2. d4 Bg7 3. Nf3 d6 4. Nc3 Nf6 5. Bc4 O-O 6. O-O c6 7. h3 d5 8. Bd3 dxe4 9. Nxe4 Nxe4 10. Bxe4 Nd7 11. Re1 Nf6 12. Bd3 b6 13. Qe2 e6 14. Bg5 Bb7 15. Rad1 Qc7 16. c3 c5 17. Bxf6 Bxf6 18. Be4 Rad8 19. Bxb7 Qxb7 20. dxc5 bxc5 21. Qc2 Kg7 22. b3 a5 23. c4 Qb4 24. Rxd8 Rxd8 25. Rd1 Ra8 26. Nd2 a4 27. Ne4 Bd4 28. Kf1 axb3 29. axb3 Ra3 30. Rb1 Qa5 31. Qd2 Qa8 32. f3 Ra2 33. Qd3 Qb8 34. g3 Qe5 35. f4 Qf5 36. Qf3 Qxh3+ 37. Ke1 Qh2 38. b4 Qg1+ 39. Qf1 Qe3+ 40. Kd1 Qxe4 0-1


[Site "https://www.chess.com"]

[Event "Titled Tuesday Blitz March 22 Late 2022"]
[White "Aldokhin, Ivan"]
[Black "Perez Torres, Nabi Isaias"]
[WhiteFideId "24115720"]
[BlackFideId "5120373"]
[WhiteElo "2231"]
[BlackElo "1755"]
[Result "0-1"]
[Round "05"]
[TimeControl "180+1"]
[Date "2022.03.22"]
[WhiteClock "0:00:04"]
[BlackClock "0:00:10"]

1. e4 c5 2. Nf3 d6 3. d4 cxd4 4. Nxd4 Nf6 5. Nc3 g6 6. Bc4 Bg7 7. h3 Nc6 8. Be3 O-O 9. Bb3 Bd7 10. O-O Rc8 11. f4 Na5 12. e5 Rxc3 13. bxc3 Ne4 14. Qf3 Nxc3 15. exd6 exd6 16. f5 Be5 17. fxg6 hxg6 18. Rae1 Nxb3 19. axb3 b6 20. Kh1 Qc8 21. Bg1 b5 22. b4 Qc4 23. Qf2 Nd5 24. Nf3 Bg7 25. Rd1 Nf4 26. Rxd6 Be6 27. Ng5 Be5 28. Rd4 Bxd4 29. Qxd4 Qxd4 30. Bxd4 Ne2 31. Be5 Bd5 32. Re1 Re8 33. Bh2 f6 34. Nf3 Kf7 35. Rd1 Bxf3 36. gxf3 Nc3 37. Rd7+ Ke6 38. Rxa7 Kf5 39. Rb7 Re2 40. Bg1 Kf4 41. Rb6 f5 42. Rxg6 Kxf3 43. h4 f4 0-1


[Site "https://www.chess.com"]

[Event "Titled Tuesday Blitz March 22 Late 2022"]
[White "Almagro Mazariegos, Sebastian"]
[Black "Altman, Joshua"]
[WhiteFideId "2221640"]
[BlackFideId "426210"]
[WhiteElo "2273"]
[BlackElo "1945"]
[Result "1-0"]
[Round "05"]
[TimeControl "180+1"]
[Date "2022.03.22"]
[WhiteClock "0:00:04"]
[BlackClock "0:00:05"]

1. e4 e6 2. d4 d5 3. Nd2 Nf6 4. e5 Nfd7 5. Bd3 c5 6. c3 Nc6 7. Ne2 Qb6 8. Nf3 cxd4 9. cxd4 f6 10. exf6 Nxf6 11. O-O Bd6 12. b3 O-O 13. Bf4 Bxf4 14. Nxf4 Bd7 15. Re1 Rae8 16. Ne2 Re7 17. Qd2 Be8 18. Nf4 Bd7 19. Rad1 g6 20. Bxg6 hxg6 21. Nxg6 Rg7 22. Nxf8 Kxf8 23. Qh6 Ne4 24. Qh8+ Rg8 25. Qh6+ Rg7 26. Qh8+ Kf7 27. Qh5+ Kg8 28. h4 Nf6 29. Qh6 Ne4 30. Re3 Ne7 31. Qf4 Qd8 32. Ng5 Nf5 33. Nxe4 dxe4 34. Rxe4 Bc6 35. Rxe6 Rxg2+ 36. Kf1 Qd5 37. Re5 Bb5+ 38. Ke1 Rg1+ 39. Kd2 Rxd1+ 40. Kxd1 Qxd4+ 41. Qxd4 Nxd4 42. Rd5 Be2+ 43. Ke1 Ne6 44. Rd6 Bg4 45. Rd7 Nc5 46. Rc7 Nd3+ 47. Kd2 Ne5 48. Ke3 a5 49. Kf4 1-0


[Site "https://www.chess.com"]

[Event "Titled Tuesday Blitz March 22 Late 2022"]
[White "Al-Tarboush, Ward"]
[Black "Avazkhonov, Alikhon"]
[WhiteFideId "7601450"]
[BlackFideId "14208504"]
[WhiteElo "2276"]
[BlackElo "1739"]
[Result "1-0"]
[Round "05"]
[TimeControl "180+1"]
[Date "2022.03.22"]
[WhiteClock "0:00:14"]
[BlackClock "0:00:04"]

1. e4 c5 2. Nf3 d6 3. d4 cxd4 4. Nxd4 Nf6 5. Nc3 a6 6. h3 e5 7. Nde2 h5 8. Bg5 Be6 9. a4 Nbd7 10. g3 g6 11. Bg2 Qc7 12. O-O Bh6 13. Bxh6 Rxh6 14. Qd2 Rh8 15. Rad1 Ke7 16. f4 exf4 17. Nxf4 Rag8 18. Nd3 g5 19. Qf2 Rg6 20. Kh1 Ne5 21. Nxe5 dxe5 22. Nd5+ Bxd5 23. exd5 Qd6 24. c4 Rc8 25. Rc1 b6 26. b4 Qxb4 27. Be4 Rh6 28. Qf5 Nd7 29. Qxf7+ Kd6 30. Bf5 Rd8 31. Bxd7 Rxd7 32. Rf6+ Rxf6 33. Qxf6+ Kc7 34. Qc6+ Kb8 35. Qxd7 Qd2 36. Qe8+ Ka7 37. Rf1 Qd3 38. Rf7# 1-0


[Site "https://www.chess.com"]

[Event "Titled Tuesday Blitz March 22 Late 2022"]
[White "Andreikin, Dmitry"]
[Black "Hakobyan, Aram"]
[WhiteFideId "4158814"]
[BlackFideId "13306677"]
[WhiteElo "2736"]
[BlackElo "2557"]
[Result "1/2-1/2"]
[Round "05"]
[TimeControl "180+1"]
[Date "2022.03.22"]
[WhiteClock "0:00:04"]
[BlackClock "0:00:09"]

1. d4 Nf6 2. Nf3 e6 3. c4 d5 4. g3 Be7 5. Bg2 O-O 6. O-O dxc4 7. Qc2 b5 8. a4 b4 9. Nfd2 Nd5 10. Nxc4 c5 11. dxc5 Bxc5 12. e4 Nb6 13. Rd1 N8d7 14. Be3 Qe7 15. Nbd2 Ba6 16. Nxb6 axb6 17. Bxc5 Nxc5 18. Nc4 Qc7 19. Nd6 e5 20. f4 Rad8 21. fxe5 Qe7 22. Rd5 Bc8 23. a5 Be6 24. axb6 Bxd5 25. Nf5 Qxe5 26. exd5 Nd7 27. b7 g6 28. Nh6+ Kg7 29. Ng4 Qd4+ 30. Nf2 Rfe8 31. d6 Qxd6 32. Rd1 Qb6 33. Qc6 Qxc6 34. Bxc6 Nc5 35. Bxe8 Rxe8 36. Nd3 Nxb7 37. Nxb4 Nc5 38. Nd5 Re2 39. b4 Ne4 40. Nf4 Rb2 41. Nd3 Rb3 42. Kf1 Nf6 43. Ke1 Ng4 44. Kd2 Nxh2 45. Kc2 Ra3 46. b5 Ra8 47. b6 Rb8 48. Rb1 Ng4 49. Kc3 Nf6 50. Kd4 Nd7 51. b7 Kf8 52. Nc5 Ke7 53. Na6 Rd8 54. Kc4 Nb8 55. Nxb8 Rxb8 56. Kc5 Kf6 57. Kd6 Kg5 58. Kc7 Rxb7+ 59. Rxb7 Kg4 60. Kd6 Kxg3 61. Rxf7 h5 62. Rg7 h4 63. Rxg6+ Kf3 64. Rh6 Kg3 65. Ke5 h3 66. Ke4 h2 67. Ke3 Kg2 68. Rg6+ Kf1 69. Rh6 Kg2 70. Rg6+ Kf1 71. Rf6+ Kg2 72. Rf2+ Kg1 73. Rxh2 Kxh2 1/2-1/2


[Site "https://www.chess.com"]

[Event "Titled Tuesday Blitz March 22 Late 2022"]
[White "Artemiev, Vladislav"]
[Black "Gokerkan, Cem Kaan"]
[WhiteFideId "24101605"]
[BlackFideId "6336760"]
[WhiteElo "2811"]
[BlackElo "2382"]
[Result "1-0"]
[Round "05"]
[TimeControl "180+1"]
[Date "2022.03.22"]
[WhiteClock "0:00:03"]
[BlackClock "0:00:02"]

1. Nf3 Nf6 2. g3 g6 3. b3 Bg7 4. Bb2 b6 5. Bg2 Bb7 6. O-O O-O 7. c4 c5 8. e3 d5 9. d4 dxc4 10. bxc4 cxd4 11. exd4 Nc6 12. Nbd2 Rc8 13. Rc1 e6 14. Re1 Qd7 15. Ne5 Nxe5 16. dxe5 Bxg2 17. Kxg2 Qc6+ 18. Kg1 Nd7 19. Nf3 Rfd8 20. Qe2 Nc5 21. Nd4 Qa4 22. Rcd1 a6 23. h4 h5 24. Nf3 Qxa2 25. Ra1 Qb3 26. Bd4 Nd7 27. Rxa6 Qxc4 28. Qxc4 Rxc4 29. Bxb6 Rc6 30. Bxd8 Rxa6 31. Bc7 Rc6 32. Bd6 Bf8 33. Rd1 Bxd6 34. exd6 e5 35. Ng5 f6 36. Ne6 Rc8 37. Nc7 Kf7 38. Ra1 f5 39. Ra7 e4 40. f3 exf3 41. Kf2 Kf6 42. Nd5+ Ke6 43. Nf4+ Kxd6 44. Ra6+ Kc7 45. Nxg6 Rg8 46. Re6 Nf8 47. Nxf8 Rxf8 48. Kxf3 Kd7 49. Rh6 Ke7 50. Kf4 Rg8 51. Rxh5 Rg4+ 52. Kf3 Ke6 53. Rh8 Ra4 54. Rg8 Ke5 55. h5 Ra3+ 56. Kg2 Ra2+ 57. Kh3 Ra1 58. Kh4 Kf6 59. Rg6+ Ke5 60. Kg5 Ra3 61. Kh6 Ra7 62. Rg7 Ra6+ 63. Rg6 Ra7 64. Rg7 Ra6+ 65. Kg5 Re6 66. h6 Re8 67. h7 Ke4 68. Rg8 1-0


[Site "https://www.chess.com"]

[Event "Titled Tuesday Blitz March 22 Late 2022"]
[White "Atanejhad, Sahebali"]
[Black "Przybylski, Wojciech"]
[WhiteFideId "12506664"]
[BlackFideId "1117599"]
[WhiteElo "1977"]
[BlackElo "2133"]
[Result "0-1"]
[Round "05"]
[TimeControl "180+1"]
[Date "2022.03.22"]
[WhiteClock "0:00:01"]
[BlackClock "0:00:11"]

1. d4 d5 2. c4 dxc4 3. Nf3 Nf6 4. e3 a6 5. Bxc4 b5 6. Bb3 Bb7 7. O-O e6 8. Nc3 Be7 9. Qe2 O-O 10. e4 Nbd7 11. e5 Ne8 12. d5 Nc5 13. dxe6 fxe6 14. Rd1 Qc8 15. Nd4 Nxb3 16. axb3 c5 17. Nc2 Qc6 18. Ne3 Nc7 19. f3 Rad8 20. Bd2 Rd4 21. Be1 Rfd8 22. Ne4 Nd5 23. Rxd4 cxd4 24. Ng4 Nf4 25. Qd2 Ng6 26. Bg3 Qb6 27. Ngf2 Bd5 28. b4 Rc8 29. Nd6 Rc6 30. Nfe4 Qc7 31. Nc5 Nxe5 32. Nxa6 Qa7 33. Nxb5 Qb6 34. Nxd4 Nc4 35. Qf2 Rc8 36. b5 Bf6 37. Ne2 Qxb5 38. h4 Ra8 39. b3 Bxa1 40. bxc4 Qxc4 41. Nc7 Rc8 42. Kh2 Rxc7 0-1


[Site "https://www.chess.com"]

[Event "Titled Tuesday Blitz March 22 Late 2022"]
[White "Babazada, Khazar"]
[Black "Domingo Nunez, Alejandro"]
[WhiteFideId "13413554"]
[BlackFideId "22245561"]
[WhiteElo "2418"]
[BlackElo "2215"]
[Result "0-1"]
[Round "05"]
[TimeControl "180+1"]
[Date "2022.03.22"]
[WhiteClock "0:00:04"]
[BlackClock "0:00:03"]

1. Nf3 g6 2. g3 Bg7 3. Bg2 Nf6 4. O-O O-O 5. b3 c5 6. Bb2 d6 7. d3 Nbd7 8. Nbd2 Rb8 9. a4 b6 10. e4 Bb7 11. Qe2 Qc7 12. Nc4 e5 13. Nfd2 Rbe8 14. Rae1 d5 15. Ne3 d4 16. Nec4 Nh5 17. c3 dxc3 18. Bxc3 Nb8 19. Ne3 Qd7 20. Ndc4 Nc6 21. Nd5 Nd4 22. Bxd4 cxd4 23. Rc1 Bxd5 24. exd5 f5 25. d6 Kh8 26. Qc2 f4 27. Be4 Qh3 28. Qe2 Bh6 29. Rc2 Qd7 30. b4 Qh3 31. b5 Bg7 32. Bc6 Rd8 33. Bg2 Qf5 34. g4 f3 35. gxf5 fxe2 36. Rxe2 Nf4 37. Rd2 Rxf5 38. Be4 Rh5 39. Rc1 Bh6 40. Rdc2 Nh3+ 41. Kf1 Bxc1 42. Rxc1 Ng5 43. Nxe5 Rxd6 44. Rc8+ Kg7 45. Rc7+ Kh8 46. Bg2 Rf6 47. Ng4 Rf4 48. h3 Nxh3 49. Ne5 Rxe5 0-1


[Site "https://www.chess.com"]

[Event "Titled Tuesday Blitz March 22 Late 2022"]
[White "Baches Garcia, Guillermo"]
[Black "Nazaretyan, Tigran"]
[WhiteFideId "2209764"]
[BlackFideId "24162345"]
[WhiteElo "2469"]
[BlackElo "2219"]
[Result "1-0"]
[Round "05"]
[TimeControl "180+1"]
[Date "2022.03.22"]
[WhiteClock "0:00:51"]
[BlackClock "0:01:02"]

1. e4 c5 2. Nf3 Nc6 3. d4 cxd4 4. Nxd4 Nf6 5. Nc3 d6 6. Nd5 e6 7. Nxf6+ Qxf6 8. Nb5 Qd8 9. c4 a6 10. Nc3 Be7 11. Be2 O-O 12. O-O b6 13. Be3 Ne5 14. Qb3 Nd7 15. Rfd1 Qc7 16. Rd2 Nc5 17. Qd1 Bb7 18. f3 Rfd8 19. Rc1 Rac8 20. Kh1 h6 21. Qg1 Bf6 22. b4 Nd7 23. Na4 b5 24. Nb6 Rb8 25. cxb5 Qxc1 26. Qxc1 Nxb6 27. Bxb6 Rdc8 28. Rc2 axb5 29. Rc7 Bd8 30. Rxc8 Rxc8 31. Qxc8 Bxc8 32. Bxd8 Bd7 33. Be7 d5 34. exd5 exd5 35. Bd3 f5 36. Kg1 Kf7 37. Bc5 Ke6 38. f4 g5 39. g3 g4 40. Kf2 h5 41. Ke3 Bc6 42. Kd4 Bd7 43. Bc2 Bc6 44. a3 Be8 45. Bb3 Bc6 46. Bb6 Kd6 47. Bd8 Bb7 48. Bf6 Ke6 49. Be5 Ba8 50. Bc2 Bb7 51. Bd3 Bc6 52. Kc5 Be8 53. Bxb5 d4 54. Bxe8 d3 55. Bb5 d2 56. Bc4+ Ke7 57. Bb3 h4 58. gxh4 g3 59. hxg3 d1=N 60. Bxd1 1-0


[Site "https://www.chess.com"]

[Event "Titled Tuesday Blitz March 22 Late 2022"]
[White "Beerdsen, Thomas"]
[Black "Jaferian, Koosha"]
[WhiteFideId "1030108"]
[BlackFideId "12507440"]
[WhiteElo "2585"]
[BlackElo "2030"]
[Result "1-0"]
[Round "05"]
[TimeControl "180+1"]
[Date "2022.03.22"]
[WhiteClock "0:02:41"]
[BlackClock "0:00:54"]

1. e4 c6 2. f3 d5 3. d4 dxe4 4. fxe4 e5 5. Nf3 Bg4 6. Bc4 Nd7 7. O-O Ngf6 8. Qe1 Bd6 9. Qh4 Bxf3 10. gxf3 Qc7 11. c3 Nf8 12. f4 Ng6 13. Qh3 exf4 14. e5 Nxe5 15. dxe5 Bxe5 16. Nd2 O-O 17. Nf3 Bd6 18. Kh1 Rae8 19. Bd3 Ne4 20. Bxe4 Rxe4 21. Ng5 1-0


[Site "https://www.chess.com"]

[Event "Titled Tuesday Blitz March 22 Late 2022"]
[White "Bernal Moro, Luis Javier"]
[Black "Koutlas, Nikolaos"]
[WhiteFideId "2200236"]
[BlackFideId "25827138"]
[WhiteElo "2373"]
[BlackElo "1610"]
[Result "0-1"]
[Round "05"]
[TimeControl "180+1"]
[Date "2022.03.22"]
[WhiteClock "0:00:05"]
[BlackClock "0:01:06"]

1. Nf3 Nf6 2. c4 g6 3. Nc3 Bg7 4. e4 d6 5. d4 O-O 6. Be2 e5 7. O-O Nc6 8. d5 Ne7 9. Bd2 Nh5 10. g3 f5 11. Ng5 Nf6 12. Bf3 h6 13. Ne6 Bxe6 14. dxe6 c6 15. Be3 Nc8 16. c5 fxe4 17. Nxe4 d5 18. Nxf6+ Qxf6 19. Bg4 Ne7 20. Qb3 Rab8 21. Bd2 Nf5 22. Ba5 Qxe6 23. Bc7 Rbc8 24. Bd6 Rf7 25. Rae1 e4 26. f3 Bd4+ 27. Kh1 h5 28. fxe4 hxg4 29. exf5 Rxf5 30. Qd1 Rxf1+ 31. Rxf1 Qe4+ 0-1


[Site "https://www.chess.com"]

[Event "Titled Tuesday Blitz March 22 Late 2022"]
[White "Bok, Benjamin"]
[Black "Golubka, Petro"]
[WhiteFideId "1017063"]
[BlackFideId "14114224"]
[WhiteElo "2658"]
[BlackElo "2346"]
[Result "0-1"]
[Round "05"]
[TimeControl "180+1"]
[Date "2022.03.22"]
[WhiteClock "0:00:02"]
[BlackClock "0:00:23"]

1. d4 Nf6 2. c4 g6 3. g3 Bg7 4. Bg2 d5 5. Nf3 dxc4 6. Na3 O-O 7. O-O c3 8. bxc3 c5 9. Bb2 Nc6 10. Re1 Bf5 11. d5 Na5 12. c4 Be4 13. Nd2 Bxg2 14. Kxg2 a6 15. e4 Ne8 16. Bxg7 Nxg7 17. Qc2 e6 18. Rab1 b5 19. Red1 b4 20. Nb3 Nxb3 21. Qxb3 bxa3 22. dxe6 Qf6 23. exf7+ Qxf7 24. f4 Ne6 25. Qxa3 Rab8 26. Rxb8 Rxb8 27. Qxa6 Rb2+ 28. Kh1 Nd4 29. Rd3 Qe7 30. Qa8+ Kg7 31. Qd5 h5 32. a4 Ra2 33. a5 Qc7 34. a6 Qb6 0-1


[Site "https://www.chess.com"]

[Event "Titled Tuesday Blitz March 22 Late 2022"]
[White "Boyer, Mahel"]
[Black "Shimanov, Aleksandr"]
[WhiteFideId "45102422"]
[BlackFideId "4198603"]
[WhiteElo "2328"]
[BlackElo "2636"]
[Result "1-0"]
[Round "05"]
[TimeControl "180+1"]
[Date "2022.03.22"]
[WhiteClock "0:00:09"]
[BlackClock "0:00:06"]

1. e4 d5 2. exd5 Qxd5 3. Nc3 Qe5+ 4. Be2 Bg4 5. d4 Bxe2 6. Ngxe2 Qa5 7. O-O Nf6 8. d5 c6 9. Nf4 cxd5 10. Ncxd5 Nxd5 11. Nxd5 Nc6 12. Bf4 O-O-O 13. Qg4+ e6 14. Ne3 h5 15. Qf3 e5 16. Bg3 f6 17. h3 Nd4 18. Qe4 Bc5 19. Bh2 Qa6 20. c3 Qc6 21. Qg6 Ne6 22. Nf5 Rd7 23. b4 Bb6 24. Rad1 h4 25. Rxd7 Qxd7 26. Qg4 Rd8 27. Nxh4 Ng5 28. Nf5 Kb8 29. Bxe5+ Ka8 30. Bd4 Bc7 31. Re1 Ne6 32. g3 g6 33. Qxg6 Ng5 34. Nh4 Qxh3 35. Qf5 Bxg3 36. Qxh3 Nxh3+ 37. Kg2 Bxh4 38. Kxh3 Bg5 39. Kg4 Rg8 40. f4 f5+ 41. Kxf5 Bh4 42. Rh1 Rf8+ 43. Ke6 Bd8 44. f5 b5 45. Rh8 Rxh8 46. Bxh8 Kb7 47. f6 Bxf6 48. Bxf6 Kc6 49. Bd4 Kb7 50. Kd5 Ka6 51. Kc5 1-0


[Site "https://www.chess.com"]

[Event "Titled Tuesday Blitz March 22 Late 2022"]
[White "Broca Jimenez, Fernando"]
[Black "Cramling Bellon, Anna"]
[WhiteFideId "5104742"]
[BlackFideId "32009232"]
[WhiteElo "2062"]
[BlackElo "1905"]
[Result "1-0"]
[Round "05"]
[TimeControl "180+1"]
[Date "2022.03.22"]
[WhiteClock "0:00:15"]
[BlackClock "0:00:01"]

1. e4 c5 2. Nf3 Nc6 3. d4 cxd4 4. Nxd4 g6 5. c4 Bg7 6. Be3 d6 7. Nc3 Nf6 8. Be2 O-O 9. O-O e5 10. Nc2 Be6 11. f3 Re8 12. b3 Rc8 13. Rc1 a6 14. Qd2 Qe7 15. Rfd1 Red8 16. Bg5 Qc7 17. Nd5 Bxd5 18. exd5 Ne7 19. g4 b5 20. Nb4 bxc4 21. Rxc4 Qb6+ 22. Be3 Qa5 23. Nc6 Nxc6 24. dxc6 Qxd2 25. Bxd2 d5 26. Rc2 d4 27. Ba5 Rd6 28. c7 Nd5 29. Rdc1 Ne3 30. Rc6 Rd7 31. Bxa6 Rcxc7 32. Bxc7 Bf6 33. Bb6 d3 34. Bxe3 d2 35. Rd1 e4 36. Rc8+ 1-0


[Site "https://www.chess.com"]

[Event "Titled Tuesday Blitz March 22 Late 2022"]
[White "Buchenau, Frank"]
[Black "Ezat, Mohamed"]
[WhiteFideId "4604350"]
[BlackFideId "10600906"]
[WhiteElo "2193"]
[BlackElo "2386"]
[Result "1/2-1/2"]
[Round "05"]
[TimeControl "180+1"]
[Date "2022.03.22"]
[WhiteClock "0:01:21"]
[BlackClock "0:02:06"]

1. e4 c6 2. Nf3 d5 3. Nc3 Bg4 4. d4 e6 5. Bd3 Bb4 6. O-O Nf6 7. e5 Nfd7 8. Ne2 Bxf3 9. gxf3 Qh4 10. f4 a6 11. f5 c5 12. c3 Ba5 13. fxe6 fxe6 14. Nf4 O-O 15. Nxe6 Nc6 16. Bg5 Qh3 17. Nf4 Rxf4 18. Bxf4 cxd4 19. cxd4 Nxd4 20. Bxh7+ Kxh7 21. Qxd4 Qg4+ 22. Kh1 Qf3+ 23. Kg1 Qg4+ 24. Kh1 Qf3+ 25. Kg1 Qg4+ 1/2-1/2


[Site "https://www.chess.com"]